 Dungeon Crawl Stone Soup version 0.16.0-8-gd9ae3a8 (webtiles) character file.

578 dysrexia the Chopper (level 7, 0/35 HPs)
             Began as a Vine Stalker Abyssal Knight on Mar 16, 2015.
             Was a Believer of Lugonu.
             Slain by a wasp (4 damage)
             ... while paralysed by a wasp
             ... on level 5 of the Dungeon.
             The game lasted 00:14:45 (2467 turns).

dysrexia the Chopper (Vine Stalker Abyssal Knight)  Turns: 2467, Time: 00:14:45

Health: 0/35       AC:  9    Str: 16    XL:     7   Next: 36%
Magic:  0/10       EV:  2    Int: 12    God:    Lugonu [**....]
Gold:   209        SH:  0    Dex: 14    Spells: 0 memorised, 6 levels left

rFire  . . .     SeeInvis .     a - +2 hand axe
rCold  . . .     Clarity  .     t - +0 chain mail (curse)
rNeg   + . .     SustAb   .     (no shield)
rPois  .         Gourm    .     (no helmet)
rElec  .         Spirit   +     r - +0 cloak
rCorr  .         Warding  .     (no gloves)
rMut   .         Stasis   .     (no boots)
MR     .....                    (no amulet)
Stlth  ..........               (no ring)
                                s - ring of positive energy

@: paralysed, lethally poisoned (0 -> 0), slowed, not resistant to hostile
enchantments, extremely unstealthy
A: fangs 2, regeneration 2, magic shield, antimagic bite, no device heal 3, rot
immunity
a: Depart the Abyss, Bend Space, Renounce Religion


You were on level 5 of the Dungeon.
You worshipped Lugonu.
Lugonu was pleased with you.
You were hungry.

You visited 1 branch of the dungeon, and saw 5 of its levels.
You visited the Abyss 1 time.

You collected 209 gold pieces.

Inventory:

Hand weapons
 a - a +2 hand axe (weapon)
 w - a +0 blowgun
Missiles
 g - 28 poisoned needles
 i - 90 stones (quivered)
Armour
 h - a +3 ring mail
 r - a +0 cloak (worn)
 t - a cursed +0 chain mail (worn)
Jewellery
 s - a ring of positive energy (left hand)
Scrolls
 k - 2 scrolls of enchant weapon
 l - a scroll of noise
Potions
 e - a potion of restore abilities
 f - a potion of ambrosia
 n - a potion of curing
 p - a potion of cancellation {unknown}
Books
 o - a book of Summonings

   Spells                             Type                      Level
   a - Abjuration                     Summoning                    3
   b - Recall                         Summoning/Translocation      3
   c - Shadow Creatures               Summoning                    5
   d - Summon Demon                   Summoning                    5
   e - Summon Forest                  Summoning/Translocation      5
   f - Monstrous Menagerie            Summoning                    6
 q - a book of Geomancy

   Spells                             Type                      Level
   a - Sandblast                      Earth                        1
   b - Stoneskin                      Transmutation/Earth          2
   c - Passwall                       Transmutation/Earth          3
   d - Stone Arrow                    Conjuration/Earth            3
   e - Petrify                        Transmutation/Earth          4
   f - Lee's Rapid Deconstruction     Earth                        5
Comestibles
 c - 2 bread rations
 d - 2 meat rations
 j - 2 fruits
 m - 3 chunks of flesh


   Skills:
 - Level 2.6 Fighting
 + Level 7.2 Axes
 - Level 1.5 Armour
 - Level 0.7 Dodging
 - Level 1.7 Invocations


You had 6 spell levels left.
You didn't know any spells.

Dungeon Overview and Level Annotations

Branches:
Dungeon (5/15)             Temple (0/1) D:4

Altars:

Annotations:
D:3 Robin, Sigmund


Innate Abilities, Weirdness & Mutations

You have extremely sharp teeth.
You heal very quickly.
When hurt, damage is shared between your health and your magic reserves.
Your bite disrupts and absorbs the magic of your enemies.
Potions and wands cannot restore your health.
You are immune to rotting.


Message History

The wasp is heavily wounded.
You hit the rat!
You kill the rat!
Lugonu accepts your kill. The wasp stings you.
* * * LOW HITPOINT WARNING * * *
You feel as though you will be slow longer.
The wasp stings you but does no damage.
Drink which item? (? for menu, Esc to quit)
You feel better. The wasp stings you.
* * * LOW HITPOINT WARNING * * *
You feel as though you will be slow longer.
The wasp stings you.
* * * LOW HITPOINT WARNING * * *
You are poisoned.
You suddenly lose the ability to move!
The wasp stings you.
* * * LOW HITPOINT WARNING * * *
You feel as though you will be slow longer.
You feel sick. The wasp stings you!
You die...

*,* *,* #.# *,* *,* #.#
**,********.* #.#
*,,,,,,,,*#.####.##############
*,,,,,,,,#.......#............#
*,,,,,,,,#.....$.#.##########.#
*,,,,,,,,#.......#.# #.#
*,,,,,,,,#.....†y#.# #.#
*,,,,,,,,#......@#.# #.#
*,,,,,,,,##.####.#.# #.#
*,,,,,,,,##.####.#.# #.#
**,******#.......#.# #.# *,*
#######...# #.# **,* #.#.# #.#
**,* #.### #.# **,* ♣.♣ #.#
**,********###♣♣.♣♣##########.#


You could see a wasp.

Vanquished Creatures
  The ghost of dadoka the Firebug, an average DrFE (D:3)
  A centaur (D:3)
  A scorpion (D:4)
  A centaur skeleton (D:4)
  An orc wizard (D:4)
  A worker ant (D:4)
  A mummy (D:4)
  9 adders
  4 gnolls (D:3)
  5 worms
  An adder skeleton (D:4)
  An ooze (D:2)
  11 orcs
  4 bats
  A bat skeleton (D:4)
  7 goblins
  9 hobgoblins
  6 kobolds
  A quokka (D:2)
  2 ball pythons
  4 giant cockroaches
  3 giant newts
  5 jackals
  A quokka skeleton (D:4)
  13 rats
94 creatures vanquished.

Notes
Turn   | Place    | Note
--------------------------------------------------------------
     0 | Abyss:1  | dysrexia, the Vine Stalker Abyssal Knight, began the quest for the Orb.
     0 | Abyss:1  | Reached XP level 1. HP: 11/11 MP: 1/1
    37 | Abyss:1  | Noticed a ynoxinul
    37 | Abyss:1  | Noticed a guardian serpent
    39 | D:1      | Escaped the Abyss
   182 | D:1      | Reached XP level 2. HP: 14/16 MP: 3/3
   382 | D:1      | Acquired Lugonu's first power
   781 | D:2      | Reached skill level 3 in Axes
   781 | D:2      | Reached XP level 3. HP: 15/19 MP: 4/4
  1238 | D:2      | Reached XP level 4. HP: 18/23 MP: 6/6
  1343 | D:2      | Reached skill level 4 in Axes
  1449 | D:3      | Reached XP level 5. HP: 18/27 MP: 5/8
  1505 | D:3      | Noticed dadoka's ghost (average DrFE)
  1508 | D:3      | Noticed a centaur
  1509 | D:3      | Killed dadoka's ghost
  1509 | D:3      | Reached skill level 5 in Axes
  1509 | D:3      | Gained mutation: You heal very quickly. [vine stalker growth]
  1509 | D:3      | Reached XP level 6. HP: 32/32 MP: 7/9
  1516 | D:3      | Killed a centaur
  1516 | D:3      | Reached skill level 6 in Axes
  1730 | D:3      | Noticed Sigmund
  1731 | D:3      | Noticed Robin
  1905 | D:4      | Reached XP level 7. HP: 29/35 MP: 8/10
  1923 | D:4      | Acquired Lugonu's second power
  1933 | D:4      | Found a staircase to the Ecumenical Temple.
  2012 | D:4      | Reached skill level 7 in Axes
  2328 | D:5      | Entered Level 5 of the Dungeon
  2461 | D:5      | Paralysed by a wasp for 1 turns
  2466 | D:5      | Paralysed by a wasp for 3 turns
  2467 | D:5      | Slain by a wasp

Action                   |  1- 3 |  4- 6 |  7- 9 || total
-------------------------+-------+-------+-------++-------
Melee: Hand axe          |    96 |    70 |    90 ||   256
Throw: Stone             |    15 |     1 |       ||    16
Invok: Depart the Abyss  |     1 |       |       ||     1
  Use: Scroll            |       |     8 |     2 ||    10
       Potion            |       |       |     1 ||     1
  Eat: Chunk             |     1 |     3 |     1 ||     5
